 Dungeon Crawl Stone Soup version 0.25-a0-426-g7d9e569eea (webtiles) character file.

Game seed: 5294892014866666460, levelgen mode: deterministic

88 Elellon the Conjurer (level 4, -2/24 HPs)
             Began as a Deep Elf Conjurer on Jan 25, 2020.
             Slain by Grinder (5 damage)
             ... while paralysed by Grinder
             ... on level 3 of the Dungeon.
             The game lasted 00:03:33 (2385 turns).

Elellon the Conjurer (Deep Elf Conjurer)            Turns: 2385, Time: 00:03:33

Health: -2/24      AC:  4    Str:  6    XL:     4   Next: 30%
Magic:  6/12       EV:  2    Int: 20    God:
Gold:   98         SH:  0    Dex: 15    Spells: 9/12 levels left

rFire    . . .     SeeInvis .   (no weapon)
rCold    . . .     Gourm    .   (no shield)
rNeg     . . .     Faith    .   a - +0 robe
rPois    .         Spirit   .   (no helmet)
rElec    .         Reflect  .   d - +0 cloak
rCorr    .         Harm     .   b - +0 pair of gloves
MR       .....                  (no boots)
Stlth    ++........             (no amulet)
HPRegen  0.08/turn              (no ring)
MPRegen  0.13/turn              (no ring)

@: paralysed
A: no striking features
a: no special abilities


You were on level 3 of the Dungeon.
You were not hungry.

You visited 1 branch of the dungeon, and saw 3 of its levels.

You collected 98 gold pieces.

Inventory:

Armour
 a - a +0 robe (worn)
 b - a +0 pair of gloves (worn)
 d - a +0 cloak (worn)
Jewellery
 k - an uncursed ring of magical power {unknown}
Wands
 h - a wand of flame (19)
Scrolls
 i - 4 scrolls of teleportation {unknown}
 l - 5 scrolls of identify {unknown}
 n - a scroll of blinking {unknown}
 p - a scroll of enchant weapon {unknown}
 r - a scroll of magic mapping {unknown}
Potions
 e - a potion of mutation {unknown}
 f - a potion of brilliance {unknown}
 g - 2 potions of degeneration {unknown}
 j - a potion of invisibility {unknown}
 m - a potion of resistance {unknown}
 o - a potion of haste {unknown}
Comestibles
 c - 6 rations
 q - 12 chunks of flesh


   Skills:
 - Level 2.4 Dodging
 - Level 2.4 Stealth
 + Level 4.9 Spellcasting
 + Level 5.5 Conjurations


You had 9 spell levels left.
You knew the following spells:

 Your Spells              Type           Power        Failure   Level  Hunger
a - Magic Dart            Conj           ####         1%          1    None
b - Searing Ray           Conj           ####..       1%          2    #......

Your spell library contained the following spells:

 Spells                   Type           Power        Failure   Level  Hunger
 Dazzling Flash           Conj/Hex       ###...       12%         3    ##.....
 Fulminant Prism          Conj/Hex       ###.......   36%         4    ####...
 Iskenderun's Mystic Bla  Conj/Tloc      ###.....     36%         4    ####...


Dungeon Overview and Level Annotations

Branches:
Dungeon (3/15)

Altars:

Annotations:
D:3 Grinder, Robin


Message History

(Press . to maintain the ray.)
The goblin shouts!
The searing ray misses Grinder.
Grinder hits you.
You writhe in agony.
The searing ray hits Grinder.
Grinder is heavily wounded.
Grinder hits you.
The searing ray misses Grinder.
You finish channeling your searing ray.
Grinder hits you.
* * * LOW HITPOINT WARNING * * *
You writhe in agony.
* * * LOW HITPOINT WARNING * * *
Grinder gestures at you.
You suddenly lose the ability to move!
Grinder blinks!
The goblin hits you.
* * * LOW HITPOINT WARNING * * *
Grinder gestures at you. You resist with significant effort.
The goblin hits you but does no damage. Grinder hits you.
You die...

.# ## .. .. .. #.#
###.### ...
#.....### #
#.#####.#.#...###
#.#...........#....
.$.....g@(#.#.....
.......#.5.....##
#...............#
..####.#.......#
#.######..# #.
##....# # #.
#.....# . #.
#...รท.# # #.
#.)...#


You could see Grinder and a goblin.

Vanquished Creatures
  3 adders
  An ooze (D:2)
  A dart slug (D:1)
  An orc (D:2)
  A giant cockroach (D:3)
  9 goblins
  6 hobgoblins
  4 jackals (D:3)
  A quokka (D:2)
  A ball python (D:2)
  7 bats
  A frilled lizard (D:1)
  7 kobolds
  8 rats
51 creatures vanquished.

Notes
Turn   | Place    | Note
-------+----------+-------------------------------------------
     0 | D:1      | Elellon the Deep Elf Conjurer began the quest for the Orb.
     0 | D:1      | Reached XP level 1. HP: 10/10 MP: 6/6
   321 | D:1      | Reached XP level 2. HP: 15/15 MP: 4/8
   721 | D:1      | Learned a level 2 spell: Searing Ray
  1138 | D:2      | Reached XP level 3. HP: 14/19 MP: 2/10
  1266 | D:2      | Reached skill level 5 in Conjurations
  1849 | D:3      | Noticed Robin
  2116 | D:3      | Reached XP level 4. HP: 24/24 MP: 9/12
  2374 | D:3      | Noticed Grinder
  2382 | D:3      | Paralysed by Grinder for 7 turns
  2385 | D:3      | Slain by Grinder

Levels and vault maps discovered:
D:1:      dpeg_arrival_rooms_a, layout_loops_ring,
          chequers_serial_rivers_small_3
D:2:      layout_basic
D:3:      layout_loops_ring, first_ration, chequers_serial_rivers_micro_d,
          dk_xom_monty_hall, uniq_grinder, uniq_robin, uniq_ijyb

Skill      XL: |  1  2  3 |
---------------+----------+-----
Spellcasting   | 4 |  4.9
Conjurations   | 5 |  5.5
Dodging        | |  2.4
Stealth        | |  2.4

Action                   |  1- 3 |  4- 6 || total
-------------------------+-------+-------++-------
 Cast: Magic Dart        |    87 |    23 ||   110
       Searing Ray       |     2 |     1 ||     3
  Eat: Chunk             |     3 |     1 ||     4
Armor: Robe              |     2 |     1 ||     3
Dodge: Dodged            |     9 |       ||     9

Table legend:
 A = Non-vault XP
 B = Vault XP
 C = Vault XP percentage of total XP
 D = Non-vault monster count
 E = Vault monster count
 F = Vault count percentage of total count
                 A         B        C        D         E       F
            +---------+---------+-------+---------+---------+-------
      Total |     117 |      10 |   7.9 |      46 |       5 |   9.8
            +---------+---------+-------+---------+---------+-------
        D:1 |      36 |       0 |   0.0 |      21 |       0 |   0.0
        D:2 |      33 |       0 |   0.0 |      11 |       0 |   0.0
        D:3 |      48 |      10 |  17.2 |      14 |       5 |  26.3
            +---------+---------+-------+---------+---------+-------
